 Dungeon Crawl Stone Soup version 0.15-a0-1485-g692b94f (console) character file.

86 Sabretooth the Scratcher (level 4, 0/21 HPs)
             Began as a Felid Fighter on June 14, 2014.
             Succumbed to a worker ant's poison
             ... on Level 5 of the Dungeon.
             The game lasted 00:02:26 (442 turns).

Sabretooth the Scratcher (Felid Fighter)             Turns: 442, Time: 00:02:26

HP   0/21        AC  1     Str 13      XL: 4   Next: 26%
MP   7/7         EV 25     Int 14      God:
Gold 44          SH  0     Dex 20      Spells:  0 memorised,  3 levels left
Lives: 0, deaths: 1

rFire  . . .     SeeInvis +       - Unarmed
rCold  . . .     Clarity  .     (armour unavailable)
rNeg   . . .     rCorr    .     (shield unavailable)
rPois  .         rRot     .     (helmet unavailable)
rElec  .         Spirit   .     (cloak unavailable)
SustAb .         Warding  .     (gloves unavailable)
rMut   .         Stasis   .     (boots unavailable)
Gourm  .                        (no amulet)
MR     .....                    (no ring)
                                (no ring)

@: brilliant, agile, lethally poisoned, quick, not resistant to hostile
enchantments, fairly stealthy
A: paw claws, no armour, no weapons or thrown items, fangs 3, see invisible,
carnivore 3, speed 1, shaggy fur 1, slow metabolism 1, jump 1
a: Jump Attack


You were on level 5 of the Dungeon.
You were full.

You visited 1 branch of the dungeon, and saw 5 of its levels.

You collected 44 gold pieces.

Inventory:

Comestibles
 d - 2 meat rations
Scrolls
 a - a scroll of magic mapping {unknown}
 b - 2 scrolls of identify {unknown}
Books
 c - a book of the Sky

   Spells                             Type                      Level
   Flight                             Charms/Air                   3
   Airstrike                          Air                          4
   Silence                            Hexes/Air                    5
   Deflect Missiles                   Charms/Air                   6
   Conjure Ball Lightning             Conjuration/Air              6
   Tornado                            Air                          9


   Skills:
 - Level 3.0 Fighting
 - Level 4.0 Dodging
 + Level 6.2 Unarmed Combat


You had 3 spell levels left.
You didn't know any spells.

Dungeon Overview and Level Annotations

Branches:
Dungeon (5/15)
 Temple: D:4-7

Altars:
Fedhas

Annotations:
D:4 Edmund


Innate Abilities, Weirdness & Mutations

You cannot wear armour.
You are incapable of wielding weapons or throwing items.
Your paws have sharp claws.
You have razor-sharp teeth.
You have supernaturally acute eyesight.
You are carnivorous and can eat meat at any time.
You cover ground quickly.
You are covered in fur (AC +1).
You have a slow metabolism.
You can jump attack at a short distance.


Message History

It was a potion of brilliance.
* * * LOW HITPOINT WARNING * * *
You feel sick.
Drink which item? (? for menu, Esc to quit)
You feel agile all of a sudden.
It was a potion of agility.
You stop butchering the corpse.
* * * LOW HITPOINT WARNING * * *
You feel sick.
You start butchering the worker ant corpse.
You continue butchering the corpse. x2
You stop butchering the corpse.
* * * LOW HITPOINT WARNING * * *
You feel sick.
You finish butchering the worker ant corpse.
You see here a chunk of worker ant flesh.
Eat a chunk of worker ant flesh? (ye/n/q/i?) This raw flesh tastes great.
You continue eating.
You die...

###################
...................#
......(.@..........#
##..########..####.#
#..# #..# #..# #..#
#..# #..# #..#


There were no monsters in sight!

Vanquished Creatures
  Sigmund (D:2)
  A worker ant (D:5)
  2 adders
  A ball python (D:3)
  2 bats
  A hobgoblin (D:3)
  2 kobolds (D:3)
  A quokka (D:3)
  2 goblins (D:3)
  A goblin skeleton (D:4)
  2 rats
16 creatures vanquished.

Notes
Turn   | Place    | Note
--------------------------------------------------------------
     0 | D:1      | Sabretooth, the Felid Fighter, began the quest for the Orb.
     0 | D:1      | Reached XP level 1. HP: 10/10 MP: 2/2
    45 | D:2      | Noticed Sigmund
    56 | D:2      | Killed Sigmund
    56 | D:2      | Reached skill level 5 in Unarmed Combat
    56 | D:2      | Reached XP level 2. HP: 7/14 MP: 3/3
    56 | D:2      | Reached XP level 3. HP: 8/17 MP: 5/5
    56 | D:2      | Reached XP level 4. HP: 9/21 MP: 7/7
    92 | D:3      | Slain by a kobold
    93 | D:3      | Reached XP level 3. HP: -1/17 MP: 5/5
   203 | D:3      | Found a blossoming altar of Fedhas.
   311 | D:4      | Noticed Edmund
   347 | D:4      | Reached skill level 6 in Unarmed Combat
   369 | D:4      | Noticed a phantom
   393 | D:5      | Entered Level 5 of the Dungeon
   432 | D:5      | Reached XP level 4. HP: 4/21 MP: 7/7
   439 | D:5      | HP: 1/21 [poisoned by a worker ant]
   442 | D:5      | Succumbed to a worker ant's poison

Action                   |  1- 3 |  4- 6 || total
-------------------------+-------+-------++-------
Melee: Unarmed           |    35 |    20 ||    55
  Use: Potion            |     1 |     2 ||     3
 Stab: Sleeping          |     1 |       ||     1
